[Event "MCR rapid mládeže 2023 U16"]
[Site "Harachov, Czech Republic"]
[Date "2023.09.09"]
[Round "6.39"]
[White "Chmelova, Klara"]
[Black "Najdkova, Laura"]
[Result "1/2-1/2"]
[TimeControl "20min+5s/move"]
[WhiteElo "1145"]
[BlackElo "1331"]

1. e4 e5 2. Nf3 Nc6 3. Bc4 Bc5 4. c3 Nf6 5. d4 exd4 6. cxd4 Bb4+ 7. Bd2 Bxd2+ 8. Nbxd2 d5 9. exd5 Nxd5 10.
O-O O-O 11. Re1 Bg4 12. Re4 Nf6 13. Re3 Nxd4 14. Be2 Nxe2+ 15. Qxe2 Qd6 16. h3 Bh5 17. Rd1 Rfe8 18. Ne4 Bxf3 19.
Qxf3 Qe5 20. Nxf6+ Qxf6 21. Rxe8+ Rxe8 22. Qxf6 gxf6 23. Rd7 Rc8 24. f4 Kf8 25. Kf2 Ke8 26. Rd3 Rd8 27. Rxd8+ Kxd8 28. Ke3 Ke7 29. g4 Ke6 30. Ke4 Ke7 31. b4 a6 32.
a4 Kd6 33. g5 fxg5 34. fxg5 Ke6 35. h4 f6 36. gxf6 Kxf6 37. Kf4 Kg6 38. Kg4 h5+ 39. Kf4 Kf6 40. Ke4 Ke6 41. Kf4 Kf6 42.
Ke4 b6 43. b5 axb5 44. axb5 Ke6 45. Kd4 Kd6 46. Kc4 c5 47. bxc6 Kxc6 48. Kb4 b5 49. Kc3 Kc5 50. Kb3 b4 51. Kb2 Kc4 52. Ka2 Kc3 53. Kb1 b3 54. Ka1 b2+ 55. Kb1 Kd3 56. Kxb2 Ke3 57. Kc2 Kf3 58. Kd2 Kg3 59. Ke2 Kxh4 60.
Kf2 Kh3 61. Kg1 Kg3 62. Kh1 h4 63. Kg1 Kf3 64. Kh2 Kg4 65. Kg2 h3+ 66. Kh2 Kh4 67. Kg1 Kg4 68. Kh2 Kh4 69. Kg1 Kg3 70.
Kh1 h2 1/2-1/2

[Event "MCR rapid mládeže 2023 U16"]
[Site "Harachov, Czech Republic"]
[Date "2023.09.09"]
[Round "6.42"]
[White "Zadrapova, Gabriela"]
[Black "Topencikova, Ellen"]
[Result "1-0"]
[TimeControl "20min+5s/move"]
[WhiteElo "1206"]
[BlackElo "1038"]

1. e4 c6 2. d4 d5 3. exd5 cxd5 4. Nf3 Bf5 5. Nc3 e6 6. Bb5+ Nd7 7. Ne5 Ngf6 8. Bg5 Bb4 9. Bxd7+ Kf8 10. Bb5 Ne4 11. Bxd8 Nxc3 12. Qh5 g6 13. Qh6+ Kg8 14. Bf6 Ne4+ 15. c3 Nxf6 16. cxb4 a6 17. Bd3 Bxd3 18. Nxd3 Ng4 19. Qf4 f5 20. h3 Nf6 21. g4 Kf7 22. Qc7+ Kf8 23. gxf5 exf5 24. Qd6+ Kf7 25. Ne5+ Kg7 26. Qe7+ Kh6 27. Qxf6 Rae8 28. Rc1 Rhf8 29. Qh4+ Kg7 30. Rc7+ Kg8 31. Qxh7# 1-0

[Event "MCR rapid mládeže 2023 U16"]
[Site "Harachov, Czech Republic"]
[Date "2023.09.10"]
[Round "7.1"]
[White "Andrle, Filip"]
[Black "Juhanak, Daniel"]
[Result "1/2-1/2"]
[TimeControl "20min+5s/move"]
[WhiteElo "1649"]
[BlackElo "1878"]

1. e4 d6 2. d4 Nf6 3. Nc3 g6 4. f3 Bg7 5. Be3 O-O 6. Qd2 e5 7. dxe5 dxe5 8. O-O-O Qxd2+ 9. Rxd2 c6 10. a4 Be6 11. g3 Nbd7 12.
Bh3 Bxh3 13. Nxh3 Nb6 14. b3 Rad8 15. Rhd1 Rxd2 16. Rxd2 Re8 17. Kd1 Bf8 18. Rd3 Re6 19. Ke2 Rd6 20.
Nf2 Rd7 21. Ncd1 h5 22. h4 Be7 23. Nb2 Ba3 24. Bxb6 axb6 25. Nc4 Bc5 26. Nxe5 Re7 27. Nc4 Nd7 28. c3 b5 29. axb5 cxb5 30. Ne3 Nf6 31. Rd8+ Kg7 32. Nd5 Nxd5 33. Rxd5 Rc7 34.
Nd3 Be7 35. Rxb5 Rxc3 36. Rxb7 Rc2+ 37.
Ke3 Ba3 38. b4 Rg2 39. b5 Rxg3 40. b6 Rg1 41. Ra7 Bd6 42. Ra2 Rb1 43. Rb2 Rxb2 44. Nxb2 Bc5+ 45. Kf4 Bxb6 46.
Nc4 Bf2 47. Nd6 Bxh4 48. e5 Be7 49. Ne4 Ba3 50. Kg3 Bb2 51. f4 Kf8 52. Kf3 Ke7 53. Kg3 Ke6 54. Ng5+ Ke7 55. Ne4 Ba3 56. Kf3 Bb4 57. Kg3 Ba5 58.
Kf3 Bd8 59. Kg3 Ke6 60. Kf3 Be7 61.
Nf2 g5 62. fxg5 Kxe5 63. Ne4 Kf5 64. Ng3+ Kxg5 65. Ne4+ Kg6 66. Ng3 h4 67. Ne2 Kf5 68. Nd4+ Kg5 69. Nc6 Bd6 70. Nd8 Kg6 71.
Nxf7 Kxf7 72. Kg2 Ke8 1/2-1/2

[Event "MCR rapid mládeže 2023 U16"]
[Site "Harachov, Czech Republic"]
[Date "2023.09.10"]
[Round "7.2"]
[White "Roubal, Matyas"]
[Black "Sotek, Simon"]
[Result "1-0"]
[TimeControl "20min+5s/move"]
[WhiteElo "1911"]
[BlackElo "1526"]

1. e4 d5 2. exd5 Nf6 3. Bb5+ Bd7 4. Be2 Nxd5 5.
d4 e6 6.
c4 Bb4+ 7. Bd2 Bxd2+ 8. Qxd2 Nf6 9. Nc3 Bc6 10. Nf3 O-O 11. O-O Ne4 12. Nxe4 Bxe4 13. Qf4 Bg6 14. Rad1 c6 15. Ne5 Nd7 16. Nxg6 hxg6 17. d5 cxd5 18.
cxd5 Qf6 19. Qb4 Nb6 20. d6 Rab8 21.
Bf3 Rfd8 22. Rd2 Rd7 23. Rfd1 Rbd8 24. b3 Kf8 25. h3 Kg8 26. a4 Qe5 27. a5 Nc8 28. Bxb7 Rxd6 29. Rxd6 Nxd6 30.
Bf3 Kf8 31. a6 Ke7 32. Qd2 Qc5 33. b4 Qc7 34. Qg5+ Ke8 35.
b5 Qe7 36. Bc6+ Kf8 37. Qxe7+ Kxe7 38. b6 1-0

[Event "MCR rapid mládeže 2023 U16"]
[Site "Harachov, Czech Republic"]
[Date "2023.09.10"]
[Round "7.3"]
[White "Setina, Vaclav"]
[Black "Jasso, Matej"]
[Result "1-0"]
[TimeControl "20min+5s/move"]
[WhiteElo "1876"]
[BlackElo "1794"]

1. d4 d5 2. g3 Nf6 3. Bg2 e6 4. Nf3 Be7 5. O-O O-O 6. b3 b6 7. Nbd2 Bb7 8. Ne5 c5 9. Bb2 Nc6 10. Ndf3 Rc8 11. e3 cxd4 12. exd4 Ne4 13. Qe2 Nxe5 14.
Nxe5 Nc3 15. Qd3 Qc7 16. Rfe1 Ne4 17. c4 dxc4 18. bxc4 Nd6 19. Rac1 Ba6 20. Bf1 Bf6 21. Qa3 Bb7 22.
c5 Bxe5 23. Rxe5 Nf5 24. c6 Ba8 25. Rxf5 exf5 26. d5 Rfd8 27. Qc3 f6 28. Bg2 Qf7 29. Qb3 f4 30. Ba3 Kh8 31. d6 Qg6 32. d7 Rc7 33. Qe6 Qd3 34.
Qe8+ 1-0

[Event "MCR rapid mládeže 2023 U16"]
[Site "Harachov, Czech Republic"]
[Date "2023.09.10"]
[Round "7.4"]
[White "Krajicek, Matej"]
[Black "Popov, Roman"]
[Result "0-1"]
[TimeControl "20min+5s/move"]
[WhiteElo "1565"]
[BlackElo "1751"]

1. Nf3 d5 2. e3 Nf6 3. b3 c5 4. Bb2 Bf5 5. d4 e6 6. Be2 Bd6 7. O-O O-O 8. dxc5 Bxc5 9. c4 Be7 10.
Nc3 dxc4 11. Bxc4 Nc6 12. Qxd8 Rfxd8 13. Rfd1 h6 14. Nb5 Bg4 15. Nbd4 Nxd4 16. Rxd4 Bxf3 17. gxf3 Bc5 18. Rdd1 Be7 19.
Kf1 Ne8 20. Ke2 Bf6 21. Bxf6 Nxf6 22. Rxd8+ Rxd8 23. a4 Kf8 24. Rd1 Rxd1 25. Kxd1 Ke7 26. Kd2 Kd6 27. Bd3 Nd7 28. Kc3 Ne5 29. Be2 a5 30. b4 axb4+ 31. Kxb4 Nc6+ 32. Kb5 Kc7 33.
f4 Na7+ 34. Kc5 b6+ 35. Kc4 Nc6 36. Bf3 Ne7 37. Kb5 Nc8 38. a5 0-1

[Event "MCR rapid mládeže 2023 U16"]
[Site "Harachov, Czech Republic"]
[Date "2023.09.10"]
[Round "7.5"]
[White "Novotny, Dominik"]
[Black "Hrbek, Jachym"]
[Result "1-0"]
[TimeControl "20min+5s/move"]
[WhiteElo "1707"]
[BlackElo "1769"]

1. e4 c6 2. d4 d5 3. e5 Bf5 4.
h4 h5 5.
Bg5 Qb6 6. Bd3 Qxb2 7. Bxf5 Qxa1 8. e6 fxe6 9. Bxe6 Nd7 10. Nf3 Ngf6 11. O-O O-O-O 12. Ne5 g6 13. Nf7 Bg7 14. Nxh8 Rxh8 15.
Qd3 Ng4 16. Nc3 Qb2 17. Rb1 Qa3 18. Bxd7+ Kxd7 19. Rxb7+ Kc8 20. Rc7+ Kb8 21. Rxc6 Qb4 22. Qb5+ Qxb5 23. Nxb5 Nf6 24. c3 Rf8 25. Ra6 Ne4 26. Bxe7 Rf7 27. Bd6+ Kb7 28. Rxa7+ 1-0

[Event "MCR rapid mládeže 2023 U16"]
[Site "Harachov, Czech Republic"]
[Date "2023.09.10"]
[Round "7.6"]
[White "Babula, Matej"]
[Black "Bludsky, Hynek"]
[Result "1-0"]
[TimeControl "20min+5s/move"]
[WhiteElo "1865"]
[BlackElo "1547"]

1. e4 c5 2. Nf3 Nc6 3. d4 cxd4 4. Nxd4 g6 5. Nc3 Bg7 6. Be3 Nf6 7. Bc4 O-O 8. Bb3 Qa5 9. O-O d6 10.
h3 Bd7 11. Re1 Nxd4 12. Bxd4 Bc6 13. Nd5 Bxd5 14. exd5 Rfe8 15. Qf3 Nd7 16. Bxg7 Kxg7 17. c3 Rac8 18. Rad1 a6 19. Rd4 Ne5 20. Qe3 Qc5 21. Qd2 b5 22.
Rh4 h5 23. Rxh5 gxh5 24. Rxe5 dxe5 25. Qg5+ Kf8 26. Qh6+ Kg8 27. Bc2 e4 28. Bxe4 f5 29. Bxf5 Qxd5 30. Be6+ Qxe6 31. Qxe6+ Kg7 32. Qxa6 Rc5 33.
Qa7 Rd5 34. Qb7 Red8 35. Qxe7+ Kg6 36. Qe6+ Kg7 37. Kh2 R8d6 38. Qe7+ Kg6 39. Qe8+ Kg5 40. Qg8+ Kf5 41. Qf7+ Kg5 42.
h4+ Kh6 43. g3 Rd2 44. Kg2 R2d5 45. b3 Rd7 46. Qf6+ Kh7 47. c4 bxc4 48. bxc4 Rc5 49. a4 Rdc7 50. Qe6 Rxc4 51. Qf5+ Kh6 52. Qg5+ Kh7 53. Qxh5+ Kg7 54. Qg5+ Kh7 55. a5 R4c5 56. Qd2 Ra7 57. Qd3+ Kg8 58. Qg6+ Kh8 59. Qf6+ Kh7 60. a6 Rcc7 61. h5 Rf7 62. Qg6+ Kh8 63. g4 Rg7 64. Qh6+ Kg8 65.
Kg3 Rh7 66. Qe6+ Kh8 67. f4 Rhe7 68. Qf6+ Kg8 69. g5 Re3+ 70. Kg4 Ree7 71. h6 Rf7 72. Qe6 Kh8 73. g6 Rxf4+ 74. Kxf4 Rf7+ 75. gxf7 1-0

[Event "MCR rapid mládeže 2023 U16"]
[Site "Harachov, Czech Republic"]
[Date "2023.09.10"]
[Round "7.7"]
[White "Svadlenka, Dominik"]
[Black "Topencik, Bruno"]
[Result "1/2-1/2"]
[TimeControl "20min+5s/move"]
[WhiteElo "1588"]
[BlackElo "1451"]

1. d4 e6 2. c4 Nf6 3. Nf3 Bb4+ 4. Bd2 Qe7 5. Nc3 O-O 6.
e3 Bxc3 7. Bxc3 Ne4 8. Qc2 Nxc3 9. Qxc3 d6 10. Bd3 Re8 11. O-O e5 12. Nd2 Nc6 13. d5 Nb8 14. b4 b6 15. Qc2 g6 16.
e4 Qg5 17. Rfe1 Nd7 18. a3 Nf6 19. Bf1 Nh5 20. g3 Bd7 21. Bg2 Rf8 22. Qd3 f5 23. Rac1 f4 24. c5 fxg3 25. fxg3 Qd8 26.
cxd6 cxd6 27. Nc4 Qe7 28. Qb3 Rac8 29. b5 Rc5 30. a4 Nf6 31. Re2 Rfc8 32. Rec2 Kg7 33. Nb2 Qd8 34. Nd3 Rxc2 35.
Rxc2 Rc7 36. Nb4 Rc5 37. Nc6 Qc7 38. h4 Bg4 39. Rxc5 bxc5 40. a5 Nd7 41. Bf3 Bxf3 42. Qxf3 Nb8 43.
Qb3 h6 44. b6 Qb7 45. Nxb8 Qxb8 46. bxa7 Qxb3 47. a8=Q Qd1+ 48. Kf2 Qd2+ 49. Kf3 Qd3+ 50. Kf2 Qd2+ 51. Kg1 Qe1+ 52. Kg2 Qe2+ 53. Kh3 Qf1+ 54. Kh2 1/2-1/2

[Event "MCR rapid mládeže 2023 U16"]
[Site "Harachov, Czech Republic"]
[Date "2023.09.10"]
[Round "7.8"]
[White "Stary, Vojtech"]
[Black "Vana, Jan"]
[Result "0-1"]
[TimeControl "20min+5s/move"]
[WhiteElo "1582"]
[BlackElo "1681"]

1. Nf3 Nf6 2. d4 c5 3. c4 cxd4 4. Nxd4 e5 5. Nb5 d5 6. cxd5 Bc5 7. e3 O-O 8. N5c3 Bf5 9. Be2 Re8 10. O-O Nbd7 11. Nd2 e4 12.
a3 Ne5 13. b4 Bd6 14. Bb2 Qe7 15. Qb3 Neg4 16. g3 Ne5 17. Nb5 Bg4 18. Bxg4 Nfxg4 19. Nxd6 Qxd6 20. Bxe5 Nxe5 21. Kg2 Qg6 22.
Rac1 Rac8 23. Rc3 h5 24. Rfc1 Rxc3 25. Qxc3 Nd3 26. Rf1 Qf5 27. h4 Qxd5 28. Rd1 Qf5 29. Rf1 Rc8 30. Qd4 Re8 31.
Qxa7 g5 32. hxg5 h4 33. Qa5 h3+ 34. Kh2 Qe6 35. Qb5 b6 36. a4 Ne5 37. a5 bxa5 38. bxa5 Ng4+ 39. Kh1 Rd8 40. Nb3 Qg6 41. Nd4 Kg7 42. Qf5 Qxf5 43.
Nxf5+ Kg6 44. Ne7+ Kxg5 45. Nc6 Re8 46.
Nd4 Ra8 47. Nc6 Ra6 48. Nd4 Rxa5 49. Nb3 Ra2 50. Nc1 Rc2 51. f3 exf3 52. Nd3 Rh2+ 53. Kg1 Rg2+ 54. Kh1 f2 55. Nxf2 Nxf2+ 56. Rxf2 Rxf2 57. e4 Kg4 58. e5 Kxg3 59. e6 Rf1# 0-1

[Event "MCR rapid mládeže 2023 U16"]
[Site "Harachov, Czech Republic"]
[Date "2023.09.10"]
[Round "7.9"]
[White "Bartova, Hana"]
[Black "Horkova, Tereza"]
[Result "0-1"]
[TimeControl "20min+5s/move"]
[WhiteElo "1389"]
[BlackElo "1720"]

1. e4 c5 2. Nf3 e6 3. d4 cxd4 4. Nxd4 Nf6 5. Nc3 Nc6 6. Be3 Bb4 7.
f3 d5 8.
Nxc6 bxc6 9. e5 Nd7 10. f4 c5 11. Bd2 a6 12. Ne2 Rb8 13. b3 Bxd2+ 14. Qxd2 Nb6 15. g3 Bb7 16. Bg2 Qc7 17.
Rd1 O-O 18. Ng1 d4 19. Nf3 Nd5 20. Rc1 Ne3 21. c3 Qc6 22. Rg1 Nxg2+ 23. Rxg2 Qxf3 24. Rf2 Qe4+ 25. Kd1 Rfd8 26. c4 Rd7 27.
Rf1 0-1

[Event "MCR rapid mládeže 2023 U16"]
[Site "Harachov, Czech Republic"]
[Date "2023.09.10"]
[Round "7.10"]
[White "Kovarova, Karolina"]
[Black "Barteckova, Valerie"]
[Result "0-1"]
[TimeControl "20min+5s/move"]
[WhiteElo "1006"]
[BlackElo "1498"]

1. e4 c6 2. Nf3 d5 3. exd5 cxd5 4.
Bb5+ Nc6 5. Ne5 Bd7 6. Bxc6 Bxc6 7. Qf3 Nf6 8. d4 h6 9. Nc3 e6 10. Ne2 Be7 11. Qg3 Bf8 12. Qf3 Rc8 13.
O-O Qc7 14. Bf4 Qb6 15. b3 Bb5 16. a4 Bxe2 17. Qxe2 Bb4 18. c4 Qxd4 19. Rad1 Qxf4 20. g3 Qe4 21. Qb2 O-O 22. Nd3 Be7 23.
Rfe1 Qh7 24. cxd5 Nxd5 25. Re4 Qxe4 26. Qd2 Bb4 27. Qb2 Qf5 28. Qb1 Nc3 29. Qc1 Nxd1 30. Qxd1 Qd5 31. Qe2 Rfd8 32.
Nf4 Qd1+ 33. Qxd1 Rxd1+ 34. Kg2 Rcc1 35. Kh3 Bd6 36. Kg2 Bxf4 37. gxf4 Rg1+ 38. Kf3 Rc3+ 39. Ke4 Rxb3 40. h4 Rf1 41. f5 exf5+ 42. Kxf5 Rxf2+ 43. Ke5 Re3+ 44. Kd6 Rd2+ 45. Kc7 Rc3+ 46. Kxb7 Rb2+ 47. Kxa7 Ra3 48. Ka6 Rxa4# 0-1

[Event "MCR rapid mládeže 2023 U16"]
[Site "Harachov, Czech Republic"]
[Date "2023.09.10"]
[Round "7.11"]
[White "Buchtova, Viktorie"]
[Black "Nguyen, Nhat Minh Thu"]
[Result "1-0"]
[TimeControl "20min+5s/move"]
[WhiteElo "1556"]
[BlackElo "1405"]

1. e4 e5 2. Nf3 Nc6 3. Bb5 d6 4. O-O Nf6 5. Re1 Be7 6. c3 a6 7. Ba4 b5 8. Bb3 Bg4 9. h3 Bh5 10. d3 O-O 11. Nbd2 Na5 12. Bc2 c5 13. Nf1 Nc6 14. Ng3 Bxf3 15. Qxf3 Rc8 16. Nf5 g6 17.
Nxe7+ Qxe7 18. Bg5 Kg7 19. Qe3 Rfe8 20. Bb3 Na5 21. Bd5 Nxd5 22. exd5 Qd7 23. Bh6+ Kg8 24. Qg5 Qf5 25. Re3 Qxg5 26.
Bxg5 c4 27. d4 Kg7 28. dxe5 Rxe5 29. Rxe5 dxe5 30. Be7 Nb7 31. d6 Re8 32. a4 f6 33. axb5 axb5 34. Ra7 Rb8 35. d7 Kh6 36. Rxb7 Rxb7 37. d8=Q Ra7 38. Bxf6 Ra1+ 39. Kh2 Rf1 40. Bg5+ Kg7 41. Qe7+ Kg8 42. Bf6 Rxf2 43. Qg7# 1-0

[Event "MCR rapid mládeže 2023 U16"]
[Site "Harachov, Czech Republic"]
[Date "2023.09.10"]
[Round "7.12"]
[White "Kammova, Katerina"]
[Black "Mikesova, Lenka"]
[Result "1-0"]
[TimeControl "20min+5s/move"]
[WhiteElo "1393"]
[BlackElo "1410"]

1. e4 e5 2. Nf3 Nc6 3. Bc4 Nf6 4. Ng5 d5 5. exd5 Na5 6. d3 h6 7. Nf3 Nxc4 8. dxc4 Bd6 9. h3 O-O 10.
O-O Nh7 11. Re1 Re8 12. Nbd2 Bf5 13. Ne4 Bxe4 14. Rxe4 f5 15. Re1 Qf6 16. Rb1 Ng5 17. Nxg5 hxg5 18. a3 e4 19. b4 Qe5 20.
g3 Qf6 21. Bb2 Qh6 22. Kg2 f4 23. Qg4 f3+ 24. Kg1 Qg6 25. h4 e3 26. fxe3 Qxc2 27. Qxf3 Rf8 28. Qg2 Qxc4 29. Bd4 Qd3 30.
Qh3 gxh4 31. Qxh4 Qg6 32. Qh3 Rf7 33. Rf1 Raf8 34. Rxf7 Qxb1+ 35. Rf1 Rxf1+ 36. Qxf1 Qe4 37. Qh3 Qxd5 38. Qc8+ Kf7 39. Qg4 Be5 40.
Qf5+ Kg8 41. Qxe5 Qf7 42. Qf4 Qc4 43.
Qg4 Qc1+ 44. Kg2 Qc2+ 45. Kf1 Qd3+ 46. Qe2 Qf5+ 47. Kg2 Qe4+ 48. Kg1 Qb1+ 49. Qf1 Qg6 50. Qc4+ Kh7 51. Qxc7 Qb1+ 52. Kh2 Qg6 53. Qf4 Qc2+ 54.
Kh3 Qc8+ 55. Qg4 Qc7 56. Qxg7+ Qxg7 57. Bxg7 Kxg7 58. Kg4 Kg6 59. e4 Kf6 60. Kf4 Kg6 61. e5 1-0

[Event "MCR rapid mládeže 2023 U16"]
[Site "Harachov, Czech Republic"]
[Date "2023.09.10"]
[Round "7.13"]
[White "Kubatova, Beta"]
[Black "Lackova, Ludmila"]
[Result "1/2-1/2"]
[TimeControl "20min+5s/move"]
[WhiteElo "1376"]
[BlackElo "1479"]

1. d4 d5 2. c4 dxc4 3. Nc3 Nf6 4. Bg5 g6 5. e3 Bg7 6. Bxc4 O-O 7. Nf3 Bg4 8. h3 Bf5 9. O-O Ne4 10. Nxe4 Bxe4 11. Bd3 Bxd3 12.
Qxd3 Qd7 13. Qe2 Nc6 14. Rfd1 e6 15. Rac1 Nb4 16. a3 Nd5 17. Bh4 c6 18. Bg3 Rfd8 19. Ne5 Qe7 20. b4 Rac8 21.
Nc4 Nb6 22. Nb2 Nd5 23. Nd3 Nb6 24. Nc5 Nd5 25. Ne4 Kh8 26. Nc3 Nxc3 27. Rxc3 Rd7 28. Rcc1 Bf6 29. Qf3 Bg7 30. Qe2 Kg8 31.
b5 Qxa3 32. bxc6 Rxc6 33. Ra1 Qe7 34. Rxa7 Rc8 1/2-1/2

[Event "MCR rapid mládeže 2023 U16"]
[Site "Harachov, Czech Republic"]
[Date "2023.09.10"]
[Round "7.14"]
[White "Slivova, Linda"]
[Black "Kubatova, Ema"]
[Result "1-0"]
[TimeControl "20min+5s/move"]
[WhiteElo "1386"]
[BlackElo "1206"]

1. d4 Nf6 2. Nf3 e6 3. Bf4 b6 4. e3 Bb7 5. Bd3 Be7 6. Nbd2 d6 7. Bg3 Nbd7 8. e4 c5 9. c3 Rc8 10.
Rc1 O-O 11. O-O d5 12. e5 Nh5 13. Re1 Nxg3 14. hxg3 cxd4 15. cxd4 Nb8 16. Qa4 a5 17. a3 Nc6 18. Bb5 Na7 19.
Bd3 Nc6 20. Rc3 Bg5 21. Nxg5 Qxg5 22. Nf3 Qd8 23. Rec1 Na7 24. Rxc8 Bxc8 25. Qc2 Qd7 26. Bxh7+ Kh8 27. Bd3 Qb7 28.
Kh2 Rd8 29. Rh1 Kg8 30. Ng5 Kf8 31. Qe2 Rd7 32. Qf3 Ke8 33. Kg1 Kd8 34. Rh7 Kc7 35. Rxg7 Kb8 36. Rxf7 Rxf7 37. Qxf7 Qc6 38.
Qf4 Qd7 39. Qc1 Bb7 40. Be2 1-0

[Event "MCR rapid mládeže 2023 U16"]
[Site "Harachov, Czech Republic"]
[Date "2023.09.10"]
[Round "7.15"]
[White "Mik, Tomas"]
[Black "Svadlenka, Michal"]
[Result "1-0"]
[TimeControl "20min+5s/move"]
[WhiteElo "1802"]
[BlackElo "1451"]

1. e4 c5 2. Nf3 d6 3. d4 cxd4 4. Nxd4 Nf6 5. Nc3 g6 6. Be3 Bg7 7. f3 O-O 8. Bc4 Nc6 9. Qd2 Bd7 10.
O-O-O Rc8 11. Bb3 a6 12. Kb1 Na5 13. g4 b5 14. h4 h5 15. gxh5 Nxh5 16. Bh6 Nxb3 17. axb3 b4 18. Nd5 a5 19.
Rhg1 Kh7 20. Bxg7 Nxg7 21. Qg5 Re8 22. h5 Nxh5 23. Rh1 Rh8 24. Rxh5+ Kg7 25. Rxh8 Qxh8 26. Qxe7 1-0

[Event "MCR rapid mládeže 2023 U16"]
[Site "Harachov, Czech Republic"]
[Date "2023.09.10"]
[Round "7.16"]
[White "Honcharov, Makar"]
[Black "Boff, Ondrej"]
[Result "0-1"]
[TimeControl "20min+5s/move"]
[WhiteElo "1593"]
[BlackElo "1486"]

1. e4 c5 2. Nf3 Nc6 3. d4 cxd4 4.
Nxd4 e5 5. Nb5 d6 6. N1c3 a6 7. Na3 Be7 8. Nd5 Nf6 9. Nxf6+ Bxf6 10. Nc4 Be7 11. Be3 b5 12. Nb6 Rb8 13.
Nxc8 Qxc8 14. Be2 O-O 15. O-O Rd8 16. c3 Na5 17. g3 Nc4 18. Bc1 Qc6 19. Bf3 Rbc8 20. Bg2 Qc5 21. b3 Nb6 22.
Be3 Qc6 23. f4 Nd7 24. Rc1 Nc5 25. c4 b4 26. Qg4 Qd7 27. f5 Bf6 28. Rcd1 Qe7 29. h4 a5 30. h5 Kh8 31. h6 Rg8 32. hxg7+ Rxg7 33. Qh5 Rxg3 34.
Bxc5 dxc5 35. Kf2 Rcg8 36. Bf3 R3g5 37. Qh3 R5g7 38. Rh1 Bg5 39. Rd5 Bf4 40. Qh5 h6 41. Rd3 Bg3+ 42. Ke2 Bf4 43. Rd5 Rg3 44. Kf2 f6 45.
Rd3 Qg7 46. Rh2 Rg1 47. Rh1 Qg3+ 48. Ke2 Qe1# 0-1

[Event "MCR rapid mládeže 2023 U16"]
[Site "Harachov, Czech Republic"]
[Date "2023.09.10"]
[Round "7.17"]
[White "Rudlof, Adam"]
[Black "Sochor, Antonin"]
[Result "1/2-1/2"]
[TimeControl "20min+5s/move"]
[WhiteElo "1436"]
[BlackElo "1480"]

1. e4 d6 2. d4 Nf6 3. Nc3 Nbd7 4. Be3 g6 5. f3 Bg7 6. Qd2 O-O 7. O-O-O e5 8. d5 a6 9. g4 b5 10.
h4 h5 11. Bg5 Qe8 12. gxh5 Nxh5 13. Bh3 Nb6 14. b3 Bxh3 15. Nxh3 a5 16. Bh6 a4 17. Bxg7 Kxg7 18. Kb1 Nc4 19.
bxc4 bxc4 20. Ka1 Qb8 21. Rb1 Qa7 22. Nb5 Qb6 23. Nc3 Qa5 24. Rb5 Qa7 25. Rhb1 Qa6 26. R1b4 a3 27. Rxc4 Rfc8 28.
Ra4 Qxb5 29. Nxb5 Rxa4 30. Nc3 Raa8 31. Ne2 Rcb8 32. Nc1 Nf6 33. Nb3 Rh8 34. Qf2 Nd7 35. f4 exf4 36. Qxf4 Ne5 37. Nf2 Rab8 38. Ng4 Nxg4 39.
Qxg4 Rbe8 40. Nd4 Kf8 41. Nb5 Re5 42. Nxa3 Reh5 43. Qc8+ Kg7 44. Qxc7 Rxh4 45. Qxd6 Rxe4 46. Kb2 Rh5 47. Nb5 Re2 48. Nc3 Rd2 49.
Qf4 Rhh2 50. Qe4 f5 51. d6 fxe4 52. Nxe4 Rxc2+ 53. Kb3 Rb2+ 54. Kc4 Rbd2 55. Kc5 Kh6 56. Kc6 g5 57. d7 Rxd7 58. Kxd7 Rxa2 59. Ke6 Kh5 60.
Kf5 g4 61. Nf6 Kh4 62. Nxg4 Ra5+ 63. Ne5 Kg3 64. Ke4 Ra8 65.
Nc6 Re8+ 66. Kd5 Kf4 67. Kd4 Rc8 68. Ne7 Rd8+ 69. Nd5 Kf5 70. Kc4 Ke5 71. Nb6 Rb8 72. Nd7+ Kd6 73. Nxb8 1/2-1/2

[Event "MCR rapid mládeže 2023 U16"]
[Site "Harachov, Czech Republic"]
[Date "2023.09.10"]
[Round "7.18"]
[White "Tejnor, Martin"]
[Black "Bara, Jan"]
[Result "1-0"]
[TimeControl "20min+5s/move"]
[WhiteElo "1434"]
[BlackElo "1823"]

1. e4 c5 2. Nf3 d6 3. d4 cxd4 4.
Nxd4 Nf6 5. Nc3 g6 6. Be2 Bg7 7. Be3 O-O 8. O-O Nc6 9. f3 d5 10. Nxd5 Nxd5 11. exd5 Qxd5 12. Nxc6 Qxc6 13. c3 Bf5 14.
Qb3 a6 15. Rad1 Be6 16. Qa3 Bf5 17. Bd3 Bxd3 18. Rxd3 Rad8 19. Rfd1 Rxd3 20. Rxd3 Qc4 21. Rd2 Qe6 22. Kf2 Be5 23.
h3 Qf6 24. Qb4 h5 25. Qe4 Bd6 26. h4 b5 27. Bg5 Qf5 28. Qxf5 gxf5 29. Rd5 f4 30. b4 Rc8 31. Rd4 Rxc3 32. Bxf4 Rc4 33. Rxc4 bxc4 34. Bxd6 exd6 35. Ke3 Kf8 36. Kd4 d5 37. a4 Ke7 38.
g4 hxg4 39. fxg4 Kd6 40. h5 a5 41.
b5 Ke6 42. h6 Kf6 43. b6 Kg5 44. b7 1-0

[Event "MCR rapid mládeže 2023 U16"]
[Site "Harachov, Czech Republic"]
[Date "2023.09.10"]
[Round "7.19"]
[White "Sotek, Matej"]
[Black "Zrust, Lukas"]
[Result "1/2-1/2"]
[TimeControl "20min+5s/move"]
[WhiteElo "1410"]
[BlackElo "1519"]

1. e4 e6 2. Nf3 d5 3. exd5 exd5 4.
d4 Bd6 5. Bd3 Bg4 6. O-O Ne7 7. h3 Bh5 8. c3 O-O 9. Be3 Nd7 10. Nbd2 Bg6 11. Qc2 Re8 12. Bg5 f6 13. Bxg6 Nxg6 14.
Bh4 c6 15. Rfe1 Qc7 16. Re3 Bf4 17. Ree1 Nxh4 18. Nxh4 Bg5 19. Nhf3 Bf4 20. Kf1 Rad8 21. Rxe8+ Rxe8 22. Re1 Rxe1+ 23. Kxe1 Qd6 24. Qd3 Qe6+ 25. Qe2 Bxd2+ 26. Kxd2 Qxe2+ 27. Kxe2 Nb6 28. Kd2 Nc4+ 29. Kc2 Kf7 30. Nd2 Nd6 31. Kd3 g5 32. g3 Kg6 33. f3 Nf5 34.
g4 Nh4 35. Ke2 Ng2 36. Kf2 Nf4 37. Kg3 Ne2+ 38. Kf2 Nc1 39. Nb3 Nd3+ 40. Ke3 Nxb2 41. Na5 Nd1+ 42. Kd2 Nf2 43. Nxb7 Nxh3 44.
Nd8 a5 45. Nxc6 a4 46. Ne7+ Kf7 47. Nxd5 Ke6 48. c4 f5 49. gxf5+ Kxf5 50. Ke2 h5 51. Kf1 g4 52. fxg4+ hxg4 53. Kg2 Ke4 54. Nb6 Kxd4 55. Kg3 a3 56.
Kxg4 Nf2 57. Kf3 Nd3 58. Ke2 Nc1+ 59. Kd2 Nxa2 60. Kc2 Nb4+ 61. Kb3 a2 62. Kb2 Kc5 63. Na4+ 1/2-1/2

[Event "MCR rapid mládeže 2023 U16"]
[Site "Harachov, Czech Republic"]
[Date "2023.09.10"]
[Round "7.20"]
[White "Mydlar, Matej"]
[Black "Walder, Hugo"]
[Result "1-0"]
[TimeControl "20min+5s/move"]
[WhiteElo "1711"]
[BlackElo "1403"]

1. e4 e5 2. Nf3 Nc6 3.
Bb5 a6 4. Ba4 b5 5. Bb3 d6 6.
c3 Nf6 7. O-O Be7 8. d4 Bb7 9. Re1 O-O 10. Nbd2 h6 11. Nf1 Nd7 12. Ng3 Bf6 13. Be3 Re8 14. a4 Ne7 15. d5 Nc5 16.
Bc2 Ng6 17. a5 Bc8 18. h3 Bh4 19. b4 Nd7 20. c4 Bxg3 21. fxg3 bxc4 22. Ba4 Rf8 23. Rb1 Nf6 24. Bc6 Bd7 25.
Bxa8 Qxa8 26. Qc2 Bb5 27. Bf2 c6 28. dxc6 Qxc6 29. Rbc1 Rc8 30. Re3 d5 31. exd5 Nxd5 32. Re2 Nxb4 33.
Qb1 Nd3 34. Rc3 e4 35. Nd4 Qd5 36.
Be3 Nge5 37. Nf5 Kf8 38. g4 Rc6 39. Qa1 Ng6 40. Qa3+ Kg8 41. h4 Qe6 42. h5 Nge5 43. Ne7+ Kh7 44. Nxc6 Qxc6 45. Qe7 f6 46. g5 hxg5 47. Qf8 Qd7 48.
Rd2 Qg4 49. Ra2 Qxh5 50. Qa3 Kg6 51. Qd6 Qg4 52. Ra1 Nf3+ 53. Kf1 Nh2+ 54. Qxh2 Ne5 55. Bf2 Qf5 56. Kg1 Nd3 57. Qg3 Nf4 58. Re1 Qe5 59. Qe3 Nd5 60. Qd4 Qxd4 61.
Bxd4 Nxc3 62. Bxc3 Kf5 63. Kf2 g4 64. g3 g5 65. Rd1 Ke6 66. Rd8 f5 67. Rg8 Ba4 68. Rxg5 Be8 69. Rg7 Bf7 70. Rh7 Bg6 71. Rh6 Kf7 72. Ke3 f4+ 73. Kxf4 e3 74. Kxe3 Bd3 75. Kf4 Be2 76.
Be5 c3 77. Bxc3 Ke7 78. Rb6 Kd7 79.
Ke5 Kc7 80. Kd5 Kd7 81. Rb7+ Kd8 82.
Kd6 Kc8 83. Rh7 Kb8 84. Kc6 Ka8 85. Kb6 Kb8 86. Rh8# 1-0

[Event "MCR rapid mládeže 2023 U16"]
[Site "Harachov, Czech Republic"]
[Date "2023.09.10"]
[Round "7.21"]
[White "Chernyy, Andrey"]
[Black "Kala, Jakub"]
[Result "1-0"]
[TimeControl "20min+5s/move"]
[WhiteElo "1582"]
[BlackElo "1357"]

1. e4 c5 2. Nf3 Nc6 3. Bb5 g6 4. Bxc6 bxc6 5. d3 Bg7 6. Nc3 d6 7. h3 e5 8. Be3 Ne7 9. Qd2 Rb8 10.
Rb1 Qa5 11. O-O O-O 12. Bh6 f5 13. Bxg7 Kxg7 14. exf5 Nxf5 15. Qe2 Nd4 16. Nxd4 cxd4 17. Ne4 Qd8 18. c3 dxc3 19. bxc3 Ba6 20.
Rxb8 Qxb8 21. Rd1 Qc7 22. Qg4 Rf4 23. Qe6 d5 24. Nd6 Kh6 25. Qxe5 Rh4 26. Nf5+ 1-0

[Event "MCR rapid mládeže 2023 U16"]
[Site "Harachov, Czech Republic"]
[Date "2023.09.10"]
[Round "7.22"]
[White "Knapek, Jan"]
[Black "Kozdon, Marek"]
[Result "0-1"]
[TimeControl "20min+5s/move"]
[WhiteElo "1314"]
[BlackElo "1548"]

1. e4 c5 2. Nf3 e6 3. Nc3 a6 4. d4 cxd4 5. Nxd4 b5 6. a3 Bb7 7. Bd3 Qc7 8. O-O d6 9. Kh1 Nf6 10. f4 Nbd7 11. f5 e5 12. Nb3 Rc8 13.
Be3 Nb6 14. Qd2 Nc4 15. Bxc4 Qxc4 16. Na5 Qc7 17. Nxb7 Qxb7 18. Qd3 h6 19. Rfe1 Be7 20. h3 O-O 21. Bd2 Kh8 22. Qg3 Rg8 23.
Qh4 0-1